 Dungeon Crawl Stone Soup version 0.31-a0-986-g5e6e4ef867 (webtiles) character file.

Game seed: 10698055082621400508

91 avis the Ducker (level 4, -1/20 HPs)
             Began as a Felid Shapeshifter on Nov 12, 2023.
             Slain by a kobold brigand
             ... wielding a +0 dagger
              (7 damage)
             ... in a sewer.
             The game lasted 00:11:04 (1893 turns).

avis the Ducker (Felid Shapeshifter)                Turns: 1893, Time: 00:11:04

Health: -1/20      AC:  1    Str: 10    XL:     4   Next: 34%
Magic:  5/5        EV: 19    Int: 11    God:
Gold:   81         SH:  0    Dex: 17    Spells: 3/3 levels left
                                        Lives:  0   Deaths: 2

rFire   . .          .
                       - Unarmed
rCold   . . .        (shield unavailable)
rNeg    . . .        (body armour unavailable)
rPois   .            (helmet unavailable)
rElec   .            (cloak unavailable)
rCorr   .            (gloves unavailable)
SInv    +            (boots unavailable)
Will    .....        (no amulet)
Stlth   ++           (no ring)
HPRegen 0.23/turn    (no ring)
MPRegen 0.09/turn

%: no passive effects
@: lethally poisoned (-1 -> -5), beast-form, quick
A: beast (slay +2), very small, claws 1, fangs 3, see invisible, speed 1, shaggy
fur 1, stealthy paws, no weapons or thrown items, no armour, multi-lived
a: Begin Untransformation


You were in a sewer.
You were a hulking beast.
You visited 1 branch of the dungeon, and saw 3 of its levels.
You also visited: Sewer.

You collected 81 gold pieces.

Inventory:

Jewellery
 h - an amulet of the acrobat
Talismans
 b - a beast talisman
 c - a flux talisman
Scrolls
 d - 2 scrolls of immolation {unknown}
 e - 3 scrolls of identify {unknown}
 f - a scroll of torment {unknown}
 i - a scroll of teleportation {unknown}
 k - 2 scrolls of revelation {unknown}
 o - a scroll of enchant weapon {unknown}
Potions
 a - a potion of cancellation {unknown}
 g - 2 potions of heal wounds {unknown}
 j - 2 potions of haste {unknown}
 l - 4 potions of curing
 m - 2 potions of berserk rage {unknown}
 n - 2 potions of might {unknown}


   Skills:
 * Level 2.4 Fighting
 - Level 5.0 Dodging
 - Level 1.0 Stealth
 - Level 3.0 Unarmed Combat
 - Level 3.5 Shapeshifting


You had 3 spell levels left.
You didn't know any spells.
Your spell library contained the following spells:

 Spells                   Type           Power      Damage    Failure   Level
 Foxfire                  Conj/Fire      0%         2x1d4     34%         1
 Plasma Beam              Fire/Air       0%         2x1d10    100%        6
 Starburst                Conj/Fire      0%         6d3       100%        6


Dungeon Overview and Level Annotations

Branches:
Dungeon (3/15)              Sewer (1/1)

Altars:

Shops:
D:2 *

Annotations:
D:3 Sigmund


Innate Abilities, Weirdness & Mutations

You are a hulking beast.
Your limbs bulge with bestial killing power. (Slay +2)
You have sharp claws.
You have razor-sharp teeth.
You have supernaturally acute eyesight. (SInv)
You cover ground quickly. (Speed+)
You are covered in fur. (AC +1)
Your paws help you pounce on unaware monsters.
You are incapable of wielding weapons or throwing items.
You cannot wear armour.
You gain extra lives every three experience levels.


Message History

A rat comes into view.
The endoplasm closely misses you.
You scratch the endoplasm.
The endoplasm is lightly wounded.
The endoplasm completely misses you.
You scratch the endoplasm but do no damage.
The endoplasm is lightly wounded.
The endoplasm misses you. The rat misses you.
You barely miss the rat. The endoplasm freezes you.
You are frozen.
The rat closely misses you.
You scratch the rat.
You kill the rat!
The endoplasm freezes you.
You are frozen.
You scratch the endoplasm.
The endoplasm is heavily wounded.
The endoplasm hits you.
You scratch the endoplasm.
You kill the endoplasm!
The kobold brigand throws a poisoned dart.
The poisoned dart hits you!
You are poisoned.
The kobold brigand hits you with a +0 short sword.
You claw the kobold brigand!
The kobold brigand is severely wounded.
You feel very sick. The kobold brigand misses you.
You closely miss the kobold brigand.
The kobold brigand is severely wounded.
You feel sick. The kobold brigand misses you.
You scratch the kobold brigand but do no damage.
The kobold brigand is severely wounded.
You feel sick. The kobold brigand closely misses you.
The kobold brigand barely misses you.
You barely miss the kobold brigand. Your bite misses the kobold brigand.
The kobold brigand is severely wounded.
You feel sick.
The kobold brigand hits you with a +0 dagger!
You die...

##.....~P#~≈~~~~P....
#.....~~#~~~#P~.....
#.....P~#~≈~~~P~....
##.....~~#~≈~#~~.....
#.....~~P~~≈~#~......
#.....~~~~~≈~#.......
####..P~~~~≈~#.......
#....~~~~~~~#P~.....
#..hK.~~#~≈~#~~.....
#.PK..~P#~≈~#~~.....
###..P~~#~≈~~~~~....
##..~~#~≈~#~~~....
##....#~≈~#P~P....
#.....#~~~#~......
#.....#~≈~#~......
#..~~P#~≈~#.......
#...~~#~≈~#~.~...#


You could see 2 kobold brigands.

Vanquished Creatures
  An adder (D:3)
  4 worms
  A dart slug (D:3)
  An orc (D:3)
  3 ball pythons
  6 bats
  3 endoplasms
  2 giant cockroaches
  6 goblins
  6 hobgoblins
  3 jackals (D:1)
  2 quokkas
  A frilled lizard (D:3)
  18 kobolds
  8 rats
65 creatures vanquished.

Notes
Turn   | Place    | Note
-------+----------+-------------------------------------------
     0 | D:1      | avis the Felid Shapeshifter began the quest for the Orb.
     0 | D:1      | Reached XP level 1. HP: 9/9 MP: 2/2
    96 | D:1      | Reached skill level 3 in Dodging
   116 | D:1      | Reached skill level 1 in Stealth
   136 | D:1      | You fall into a shaft and drop 1 floor!
   151 | D:2      | Reached XP level 2. HP: 12/12 MP: 3/3
   866 | D:2      | Found Gimef's Assorted Antiques.
   906 | D:2      | Reached XP level 3. HP: 13/16 MP: 4/4
  1268 | D:3      | Reached skill level 4 in Dodging
  1274 | D:3      | Noticed Sigmund
  1626 | D:3      | Found a glowing drain.
  1633 | D:3      | Slain by a worm
  1666 | D:3      | Reached XP level 4. HP: 12/19 MP: 5/5
  1693 | Sewer    | Entered a sewer
  1735 | Sewer    | Reached skill level 5 in Dodging
  1860 | Sewer    | Noticed a kobold brigand
  1863 | Sewer    | Noticed a kobold brigand
  1874 | Sewer    | Slain by a kobold brigand
  1893 | Sewer    | Slain by a kobold brigand

Illustrated notes

Levels and vault maps discovered:
D:1:      lemuel_arrival_tunnels, layout_rooms, ebering_dispersal_statue_hall,
          dreamdust_princess_bridge, grunt_decor_arrowhead
D:2:      layout_rooms, serial_shops, nicolae_shop_just_a_little_nook,
          corexii_item_surrounded_by_moat
D:3:      wad_pebble_path, layout_loops_corners, cheibrodos_sewer_entry_bend,
          eino_curves_02, nicolae_twisty_statue_hallways, uniq_sigmund
Sewer:    kennysheep_pipe_town

Skill      XL: |  1  2  3  4 |
---------------+-------------+-----
Dodging        | 3 4 5 |  5.0
Stealth        | 1 |  1.0
Fighting       | 2 |  2.4
Unarmed Combat | |  3.0
Shapeshifting  | |  3.5

Action                     |  1- 3 |  4- 6 || total
---------------------------+-------+-------++-------
  Melee: Unarmed           |    90 |    46 ||   136
         Bite              |    10 |     6 ||    16
         Punch             |     1 |     1 ||     2
    Use: Potion            |     1 |     1 ||     2
   Stab: Sleeping          |     2 |       ||     2
 Armour: Skin              |    21 |    10 ||    31
  Dodge: Dodged            |    48 |    35 ||    83

Table legend: (Time is in decaauts)
 A = Elapsed time spent in this place.
 B = Non-inter-level travel time spent in this place.
 C = Inter-level travel time spent in this place.
 D = Time resting spent in this place.
 E = Time spent auto-exploring this place.
 F = Levels seen in this place.
 G = Mean time per level.
                   A        B        C        D        E       F      G
               +--------+--------+--------+--------+--------+-----+--------+
         Total |   1602 |   1464 |    138 |    121 |    807 |   4 |  400.5 |
       Dungeon |   1409 |   1271 |    138 |     67 |    788 |   3 |  469.7 |
         Sewer |    193 |    193 |      0 |     54 |     19 |   1 |  193.0 |
               +--------+--------+--------+--------+--------+-----+--------+

Top non-repeatable levels by time:
     D:1: 597 daAuts
     D:3: 448 daAuts
     D:2: 362 daAuts
   Sewer: 193 daAuts
